 Dungeon Crawl Stone Soup version 0.30-a0-1160-g6e42c06551 (webtiles) character file.

Game seed: 13036725397577753006

2 Esekla the Sneak (level 1, 16/16 HPs)
             Began as an Octopode Delver on Apr 26, 2023.
             Quit the game on level 5 of the Dungeon.
             The game lasted 00:00:57 (83 turns).

Esekla the Sneak (Octopode Delver)                    Turns: 83, Time: 00:00:58

Health: 16/16      AC:  1    Str: 11    XL:     1   Next: 30%
Magic:  1/1        EV: 13    Int: 12    God:
Gold:   15         SH:  0    Dex: 13    Spells: 0/0 levels left

rFire   . . .        a - +0 falchion
rCold   . . .        (no shield)
rNeg    . . .        (helmet restricted)
rPois   .            (no amulet)
rElec   .            (no ring)
rCorr   .            (no ring)
SInv    .            (no ring)
Will    .....        (no ring)
Stlth   ++++         (no ring)
HPRegen 0.22/turn    (no ring)
MPRegen 0.07/turn    (no ring)
                     (no ring)

%: no passive effects
@: no status effects
A: almost no armour, amphibious, 8 rings, camouflage 1, gelatinous body 1,
(nimble swimmer 1), tentacles
a: no special abilities


You were on level 5 of the Dungeon.
You visited 1 branch of the dungeon, and saw 1 of its levels.

You collected 15 gold pieces.

Inventory:

Hand Weapons
 a - a +0 falchion (weapon)
 c - a +0 dagger
Jewellery
 h - a ring of see invisible
Wands
 f - a wand of digging (3)
Scrolls
 b - a scroll of fog
 d - 2 scrolls of fear
 g - 2 scrolls of identify {unknown}
Potions
 e - a potion of haste


   Skills:
 * Level 3.0 Fighting
 * Level 2.0 Long Blades
 * Level 2.0 Dodging
 + Level 6.6 Stealth


You couldn't memorise any spells.
You didn't know any spells.
Your spell library contained the following spells:

 Spells                   Type           Power      Damage    Failure   Level
 Summon Small Mammal      Summ           0%         N/A       32%         1
 Call Canine Familiar     Summ           0%         N/A       69%         3
 Summon Guardian Golem    Hex/Summ       0%         N/A       69%         3


Dungeon Overview and Level Annotations

Branches:
Dungeon (5/15)
 Temple: D:4-7

Altars:
Uskayaw


Innate Abilities, Weirdness & Mutations

You cannot wear most types of armour.
You are amphibious.
You can wear up to eight rings at the same time.
Your skin changes colour to match your surroundings (Stealth+).
Your rubbery body absorbs attacks. (AC +1, EV +1)
((You are camouflaged when in or above water. (Stealth+)))
You have tentacles for arms and can constrict up to eight enemies at once.


Message History

Welcome, Esekla the Octopode Delver.
It's a long way down to the Orb of Zot, but that shouldn't be any trouble.
Press ? for a list of commands and other information.
Found 15 gold pieces, 2 scrolls labelled DAUR YDWAJIED and a dagger.
Found a stone staircase leading down.
You now have 15 gold pieces.
g - 2 scrolls labelled DAUR YDWAJIED
As you read the scroll of magic mapping, it crumbles to dust.
You feel aware of your surroundings.
You sensed 1 altar.
Found a leather armour.
You see here a +0 dagger.
c - a +0 dagger
Found a scroll of fear.
d - 2 scrolls of fear (gained 1)
You open the door.
An orc comes into view. It is wielding a +0 mace.
A hound comes into view.
There is an open door here.
You close the door.
Found an escape hatch in the ceiling.
Found a stone staircase leading up. 2 orcs come into view.
The orc shouts!
There is a stone staircase leading up here.
You hit the orc. You grab the orc.
The orc is moderately wounded.
You constrict the orc. The orc barely misses you.
You hit the orc. You squeeze the orc.
You kill the orc!
Found a book of Callings and a wooden ring.
Things that are here:
a +0 flail; a +0 ring mail
Found a hide-covered altar of Uskayaw.
You pick up a book of Callings and begin reading...
You add the spells Summon Small Mammal, Call Canine Familiar and Summon Guardian Golem to your library.
h - a ring of see invisible Are you sure you want to abandon this character and quit the game? (Confirm with "yes".)

***** *,*,* *,,,* *,*,*
*********######### *,*,***
,,,,,,,,,.......@#########*,*,**,
**,,,,,,,..#####.........#*,*,**,
**,,,8,8,,,,,,#..........##o#,**,
**,,,,,,,,,.*,#..........##.#,**,
**,8,,,,,8,...#...........#.#,**,
**,,,,,,,,,._.............#.#,**,
**,8,,,,,8,...#...........#.#,**.
**,,,,,,,,,.#.#..####+#)....#+##.
*,,,,8,8,,,,.,#..,,.#.....#......


There were no monsters in sight!

Vanquished Creatures
  An orc (D:5)
1 creature vanquished.

Notes
Turn   | Place    | Note
-------+----------+-------------------------------------------
     0 | D:5      | Esekla the Octopode Delver began the quest for the Orb.
     0 | D:5      | Reached XP level 1. HP: 16/16 MP: 1/1
    33 | D:5      | Noticed a hound
    73 | D:5      | Found a hide-covered altar of Uskayaw.
    83 | D:5      | Quit the game

Illustrated notes

Levels and vault maps discovered:
D:5:      layout_basic, nicolae_uskayaw_dance_hall, ebering_ghost_rock_garden,
          minmay_misc_feat_pillars, grunt_ministairs_10,
          minmay_misc_feat_enclosed

Action                     || total
---------------------------++-------
  Melee: Falchion          ||     2
         Constrict         ||     1
         Tentacles         ||     1
    Use: Scroll            ||     1
  Dodge: Dodged            ||     1

Table legend: (Time is in decaauts)
 A = Elapsed time spent in this place.
 B = Non-inter-level travel time spent in this place.
 C = Inter-level travel time spent in this place.
 D = Time resting spent in this place.
 E = Time spent auto-exploring this place.
 F = Levels seen in this place.
 G = Mean time per level.
                   A        B        C        D        E       F      G
               +--------+--------+--------+--------+--------+-----+--------+
         Total |     83 |     83 |      0 |      0 |      0 |   1 |   83.0 |
       Dungeon |     83 |     83 |      0 |      0 |      0 |   1 |   83.0 |
               +--------+--------+--------+--------+--------+-----+--------+

Top non-repeatable levels by time:
     D:5: 83 daAuts
